[Event "ESP-ch Teams Primera 2022"]
[Site "Sanxenxo Pontevedra"]
[Date "2022.09.20"]
[Round "4.16"]
[White "Quispe Arteaga, Gabriel"]
[Black "Sousa, Andre Ventura"]
[Result "0-1"]
[ECO "D35"]
[WhiteElo "2373"]
[BlackElo "2449"]
[Annotator "TA"]
[PlyCount "124"]
[EventDate "2022.09.17"]
[EventType "team-tourn"]
[EventCountry "ESP"]
[SourceTitle "playchess.com"]
[Source "ChessBase"]
[SourceQuality "1"]
[TimeControl "5400+30"]

1. c4 e6 2. Nc3 d5 3. d4 Nf6 4. cxd5 exd5 5. Bg5 c6 6. e3 h6 7. Bh4 Be7 8. Bd3 O-O 9. Nge2 Nbd7 10. O-O {[%emt 0:00:57] CPLX 2.3 3 (Qd1-c2) (=3)} Ne4 {[%emt 0:07:26] BESTDEEP was the old line (10...Re8). D35: Queen's Gambit Declined: Exchange Variation.} 11. Bxe7 {[%emt 0:11:36] EASY} Qxe7 {[%emt 0:00:05] RECAPT} 12. Bxe4 {[%emt 0:24:55] CPLX 2.4} dxe4 {[%emt 0:00:06] RECAPT. White has an edge.} 13. d5 {[%emt 0:01:08] [#] CPLX 2.0 15 (Qd1-b3) (=5)} c5 $146 {[%emt 0:11:56] CPLX 2.0 25 (f7-f5) (=6)} ({Predecessor:} 13... Nf6 14. dxc6 bxc6 15. Ng3 Ba6 16. Re1 Rab8 17. Qa4 Bd3 18. b3 c5 19. Rac1 Rfc8 {1-0 (48) Vo,T (2352)-Eryshkanova,A (2187) St Petersburg 2018}) 14. Ng3 {[%emt 0:30:46] CPLX 2.0 9 (d5-d6) (=5)} Nf6 {[%emt 0:04:47] CPLX 2.1} 15. d6 {[%emt 0:07:09] CPLX 2.2 12 (Qd1-a4) (=7)} Qe5 {[%emt 0:01:28] CPLX 2.7} 16. Qc2 {[%emt 0:00:52] CPLX 2.8} Re8 {[%emt 0:06:40] CPLX 2.9} 17. Nb5 {[%emt 0:00:04] aiming for Nc7. CPLX 2.8} Rd8 {[%emt 0:00:07] CPLX 2.9 7 (Ra8-b8) (=4)} 18. Nc3 {[%emt 0:00:13][%cal Rg3e4] CPLX 2.9 41 (Rf1-d1) (=9)} b6 {[%emt 0:18:45] Hoping for ...Ba6. BESTDEEP} 19. Ncxe4 {[%emt 0:00:29] EASY} Nxe4 {[%emt 0:02:00] RECAPT} 20. Qxe4 {[%emt 0:00:04] RECAPT} ({Don't play} 20. Nxe4 Bf5 21. f3 Bxe4 22. Qxe4 Qxe4 23. fxe4 Rxd6 $17) 20... Qxe4 {[%emt 0:00:04] RECAPT} 21. Nxe4 {[%emt 0:00:03] RECAPT} Bb7 {[%emt 0:00:06][%mdl 64] Deflection. EASY} 22. Nc3 {[%emt 0:00:03] CPLX 2.5} Rxd6 {[%emt 0:00:04] EASY} 23. Rfd1 {[%emt 0:00:04] Inhibits Rd2. CPLX 2.0} Rad8 {[%emt 0:00:06] EASY} 24. Rxd6 {[%emt 0:00:11] CPLX 2.0 8 (f2-f3) (=6)} Rxd6 {[%emt 0:00:05] RECAPT} 25. Rd1 {[%emt 0:00:02] Against Rd2. CPLX 2.0 11 (Ra1-e1) (=6)} Rxd1+ {[%emt 0:00:06] EASY} 26. Nxd1 $15 {[%emt 0:00:03][%mdl 4096] Endgame KB-KN. LEGAL} f5 {[%emt 0:08:47] CPLX 2.0} 27. Nc3 {[%emt 0:00:04] CPLX 2.0 4 (f2-f3) (=6)} Kf7 {[%emt 0:01:38] CPLX 2.0 0 (Bb7-c6) (=2)} 28. f3 {[%emt 0:00:03] CPLX 2.0 0 (Nc3-b5) (=5)} Ke6 {[%emt 0:00:19] CPLX 2.0 11 (Bb7-c6) (=2)} 29. Kf2 {[%emt 0:00:04] CPLX 2.0} g5 {[%emt 0:01:02] CPLX 2.0 19 (Bb7-c6) (=3)} 30. Kg3 {[%emt 0:00:39] CPLX 2.0 9 (a2-a3) (=5)} Bc6 {[%emt 0:01:32] CPLX 2.0} 31. h4 {[%emt 0:01:22] RELBLUND 104 (a2-a3) (=10)} (31. a3 $15) 31... b5 $1 $17 {[%emt 0:01:19][%cal Bb6b5,Bb5b4][%mdl 32] DEEPSTRONG=>BLUNDERREACT} 32. hxg5 {[%emt 0:00:04] CPLX 2.0 0 (Nc3-e2) (=9)} hxg5 {[%emt 0:00:04] RECAPT} 33. Kf2 {[%emt 0:02:14] BESTDEEP} b4 {[%emt 0:04:34] CPLX 2.0} 34. Ne2 {[%emt 0:00:03] EASY} a5 {[%emt 0:02:06] CPLX 2.0} 35. Ke1 {[%emt 0:00:40] MISSDEEP-Ne2-g3 63 (Ne2-g3) (=11)} (35. Ng3 $17) 35... Ke5 {[%emt 0:04:12] CPLX 2.0 87 (g5-g4) (=6)} (35... g4 $1 $19 36. Kf2 Ke5) 36. Kd2 {[%emt 0:02:34] CPLX 2.0 107 (f3-f4) (=14)} (36. f4+ $17 gxf4 37. Nxf4) 36... g4 $19 {[%emt 0:05:07] CPLX 2.0=>BLUNDERREACT} 37. Nc1 {[%emt 0:05:33] CPLX 2.0 108 (Ne2-g1) (=18)} (37. Ng1 $142) 37... c4 $2 {[%emt 0:06:36] RELBLUND 212 (g4xf3) (=13)} (37... gxf3 $19 {has better winning chances.} 38. gxf3 Bxf3) 38. a3 $17 {[%emt 0:03:22] DEEPSTRONG=>BLUNDERREACT} Bd5 {[%emt 0:05:24] Black is more active. RELBLUND 77 (b4xa3) (=15)} (38... bxa3 $17 39. bxa3 gxf3 40. gxf3 Bxf3) 39. axb4 $1 $11 {[%emt 0:00:07] CPLX 2.1} axb4 {[%emt 0:00:04] Threatening ...Kd6. CPLX 2.3 0 (g4xf3) (=15)} 40. Ke2 $1 {[%emt 0:02:45] CPLX 2.0} Kd6 {[%emt 0:03:44] CPLX 2.0 0 (Ke5-f6) (=14)} 41. Kf2 {[%emt 0:00:42] CPLX 2.0} Kc5 {[%emt 0:01:03] White must now prevent ...c3. MISS-c4-c3 0 (c4-c3) (=14)} 42. Ne2 {[%emt 0:03:25] Against c3. CPLX 2.0} c3 {[%emt 0:01:09] CPLX 2.0 4 (Bd5-f7) (=13)} 43. Nxc3 {[%emt 0:00:09] Black keeps a firm grip on the game. MISS-b2xc3 128 (b2xc3) (=18)} bxc3 $17 {[%emt 0:00:04] RECAPT} 44. bxc3 $11 {[%emt 0:00:03] KB-KP. RECAPT} Kd6 $1 {[%emt 0:03:06] RELBLUND} 45. Kg3 {[%emt 0:00:21] RELBLUND} gxf3 {[%emt 0:00:25] CPLX 2.0} 46. gxf3 $19 {[%emt 0:00:03] KB-K3P. RECAPT} Ke5 $1 {[%emt 0:00:04] RELBLUND} 47. Kf2 {[%emt 0:00:12] MISSDEEP-Kg3-g2 400 (Kg3-g2) (=27)} Bc4 {[%emt 0:00:13] CPLX 2.0 400 (Bd5-b3) (=22)} (47... Bb3 $142 48. Kg3 Be6 49. Kg2 Kf6 50. Kg3 Kg5 51. Kh2 Kh4 52. Kg2 Bd7 53. Kh2 Bc6 54. Kg2 Bb7 55. e4 f4 56. Kh2 Bc8 57. Kg2 Be6 58. Kh2 Bh3 59. c4 Bd7 60. Kg2 Kg5 61. Kf2 Kf6 62. Ke2 Ba4 63. Ke1 Ke5 64. Kf1 Kd4 65. Kf2 Kxc4 66. Ke2 Kc3 67. Kf1 Kd3 68. Kf2 Bd7 69. Kf1 Ke3 70. Kg2 Ke2 71. Kg1 Kxf3 72. e5 Be6 73. Kf1 Ke3 74. Kg2 f3+ 75. Kg3 f2 76. Kh4 f1=Q 77. Kg5 Qf7 78. Kh6 Bf5 79. Kg5 Qg6+ 80. Kh4 Qg4#) 48. Kg3 {[%emt 0:00:05] CPLX 2.0} Bb5 {[%emt 0:00:26] CPLX 2.0} 49. Kh4 {[%emt 0:01:09] RELBLUND} Bc6 {[%emt 0:00:04] CPLX 2.0 0 (Bb5-e2) (=21)} 50. Kg3 {[%emt 0:00:02] RELBLUND} Bd5 {[%emt 0:00:35] CPLX 2.0 400 (Bc6-a8) (=30)} (50... Ba8 $142 51. c4 Bc6 52. c5 Ba8 53. Kg2 Kf6 54. Kf2 Kg6 55. Ke2 Kf7 56. Kf2 Kg6 57. Ke2 Bb7 58. Kf2 Bc6 59. Ke2 Kf6 60. Kf2 Kg6 61. Ke2 Kf7 62. Kf2 Kg6) 51. Kf2 $1 {[%emt 0:00:04] DEEPSTRONG} Bf7 {[%emt 0:00:43] CPLX 2.0 0 (Bd5-a2) (=30)} (51... Ba2 $19 52. Kg2 Bb3) 52. Kg3 {[%emt 0:00:08] RELBLUND 0 (Kf2-g2) (=24)} Be6 {[%emt 0:00:05] CPLX 2.0 0 (Bf7-b3) (=29)} 53. Kh4 {[%emt 0:00:34] RELBLUND 7 (Kg3-h2) (=23)} Kf6 {[%emt 0:00:13] CPLX 2.0} 54. Kg3 {[%emt 0:01:20] [#] RELBLUND} Kg5 $1 {[%emt 0:00:05] ( -> ...Bd7). CPLX 2.0} 55. Kf2 {[%emt 0:00:12] [#] RELBLUND 400 (Kg3-h2) (=31)} Kh4 $1 {[%emt 0:00:17] CPLX 2.0. Black mates.} 56. Kg2 {[%emt 0:00:01] BESTDEEP} Bc4 {[%emt 0:00:19] CPLX 2.0 0 (Be6-c8) (=26)} 57. Kh2 {[%emt 0:00:07] BESTDEEP} Ba6 {[%emt 0:00:38] CPLX 2.0 0 (Bc4-b5) (=26)} 58. Kg2 {[%emt 0:00:05] RELBLUND} Bb7 {[%emt 0:00:20] BESTDEEP} 59. c4 {[%emt 0:00:05] RELBLUND 3 (e3-e4) (=29)} Ba8 {[%emt 0:00:02] BESTDEEP} 60. c5 {[%emt 0:00:16] RELBLUND 0 (Kg2-f2) (=28)} Bc6 {[%emt 0:00:04] CPLX 2.1 0 (Ba8-b7) (=24)} 61. Kf2 {[%emt 0:01:32] RELBLUND 0 (e3-e4) (=28)} Kh3 {[%emt 0:00:07] BESTDEEP} 62. f4 {[%emt 0:03:27] BESTDEEP} Be4 {[%emt 0:00:29] Weighted Error Value: White=0.32/Black=0.28 (precise)} 0-1

[Event "ESP-ch Teams Primera 2022"]
[Site "Sanxenxo Pontevedra"]
[Date "2022.09.20"]
[Round "4.17"]
[White "Gomez Dieguez, David"]
[Black "Ruiz Buendia, Miguel"]
[Result "1-0"]
[ECO "B35"]
[WhiteElo "2332"]
[BlackElo "2293"]
[Annotator "ChessBase"]
[PlyCount "83"]
[EventDate "2022.09.17"]
[EventType "team-tourn"]
[EventCountry "ESP"]
[SourceTitle "playchess.com"]
[Source "ChessBase"]
[SourceQuality "1"]
[TimeControl "5400+30"]

1. e4 c5 2. Ne2 Nc6 3. Nbc3 g6 4. d4 cxd4 5. Nxd4 Bg7 6. Be3 Nf6 7. Bc4 O-O 8. Bb3 Re8 9. f3 e6 10. f4 Nd5 11. exd5 exd5 12. Kf2 Rxe3 13. Kxe3 Bxd4+ 14. Kd2 Bxc3+ 15. bxc3 d4 16. cxd4 Nxd4 17. c3 Nxb3+ 18. axb3 d5 19. Qg1 Bf5 20. Rxa7 Be4 21. Qd4 Qb8 22. Rxa8 Qxa8 23. Qa4 Qb8 24. Rf1 Bxg2 25. Ra1 Kg7 26. Qd4+ f6 27. Ra7 Be4 28. Ke3 Qc8 29. Kd2 Qb8 30. Qf2 d4 31. Ra4 dxc3+ 32. Kxc3 Bc6 33. Rd4 Qc8 34. Kb2 Qh3 35. Rd8 Qf5 36. Qd4 Qh3 37. Qd6 Qxh2+ 38. Ka3 Kh6 39. Qf8+ Kh5 40. Qxf6 Qh4 41. Qe5+ Kh6 42. Rg8 1-0

[Event "ESP-ch Teams Primera 2022"]
[Site "Sanxenxo Pontevedra"]
[Date "2022.09.20"]
[Round "4.18"]
[White "Pablos Tenrero, Raquel"]
[Black "Hernandez Estevez, Yudania"]
[Result "1-0"]
[ECO "B15"]
[WhiteElo "1985"]
[BlackElo "2199"]
[Annotator "TA"]
[PlyCount "169"]
[EventDate "2022.09.17"]
[EventType "team-tourn"]
[EventCountry "ESP"]
[SourceTitle "playchess.com"]
[Source "ChessBase"]
[SourceQuality "1"]
[TimeControl "5400+30"]

1. e4 c6 2. d4 d5 3. Nc3 dxe4 4. Nxe4 Nf6 5. Nxf6+ exf6 6. c3 Bd6 7. Bd3 O-O 8. Qc2 Re8+ 9. Ne2 h6 10. O-O Qc7 {[%emt 0:04:47] 10...Nd7 injects fresh life into this line. B15: Caro-Kann: 3 Nc3: 3...g6 and 3...dxe4 4 Nxe4 Nf6 5 Nxf6+ exf6.} 11. h3 Nd7 12. Bd2 Nf8 {[%emt 0:00:53] White is slightly better.} 13. Rfe1 {[%emt 0:01:18] [#]} Be6 $146 ({Predecessor:} 13... Bd7 14. Rad1 b5 15. b3 Rab8 16. c4 bxc4 17. bxc4 Bb4 18. Nc3 Rxe1+ 19. Rxe1 a5 20. Ne4 Ne6 21. Bxb4 axb4 {½-½ (21) Sredojevic,I (2428)-Radlovacki,J (2343) Novi Sad 2016}) 14. c4 Rad8 15. Rad1 (15. c5 $5 Be7 16. Be3 $14) 15... Qc8 16. Bf4 (16. Bc3 {seems wilder.} Ng6 17. d5 cxd5 18. cxd5 Bxh3 19. Bxg6 fxg6 20. gxh3 Qxh3 21. Ng3) 16... Bb4 17. Bd2 Bxd2 18. Rxd2 Rd6 (18... Bxh3 19. gxh3 Qxh3 20. Bf5 $16) 19. Red1 Red8 (19... Ng6 $11) 20. Be4 f5 21. Bf3 (21. c5 $5 ) 21... Ng6 22. Kh1 Qc7 (22... f4 $5 ) 23. b4 Qe7 24. b5 cxb5 (24... Nh4 $11 25. c5 R6d7 26. bxc6 Nxf3 27. cxd7 Nxd2 28. Qxd2 Qxd7) 25. d5 $1 $18 Qg5 (25... Bc8 $142) 26. c5 $1 (26. cxb5 Nh4 27. Qc3 a6 $11) (26. dxe6 $2 Rxd2 27. Rxd2 Rxd2 $19) 26... R6d7 27. Rd4 Qf6 28. Qc3 (28. dxe6 Rxd4 29. Nxd4 Rxd4) 28... Kh7 29. dxe6 Qxe6 30. Rxd7 Rxd7 31. Rxd7 Qxd7 32. Qd4 {[%emt 0:00:06] Prevents Nh4.} Qc7 33. Nc3 a6 34. a4 (34. Qd6 $142 Qc8 35. Nd5) 34... bxa4 35. Nxa4 Qe7 36. Qe3 Qf6 37. Nc3 f4 38. Qd3 Qe7 39. Ne4 f5 40. Nd6 Qe1+ 41. Kh2 Qxf2 42. Nxb7 {[%emt 0:00:33] Active counter play!} a5 (42... Qg3+ {is a better defense.} 43. Kg1 Qe1+ 44. Qf1 Qe3+ 45. Qf2 Qc1+ 46. Kh2 Ne5) 43. c6 (43. Nxa5 Qg3+ 44. Kh1 Qe1+ 45. Kh2 Qg3+ 46. Kh1 Qe1+ 47. Kh2 Qg3+ $11) (43. Qe2 $142 Qg3+ 44. Kh1) 43... a4 $2 (43... Qg3+ 44. Kg1 Qe1+ 45. Qf1 Qc3) 44. c7 $2 (44. Qxf5 Qg3+ 45. Kh1 Qe1+ 46. Kh2 Qg3+ 47. Kh1 Qe1+ 48. Kh2 Qg3+ $11) (44. Bd5 $18) 44... Qg3+ $11 45. Kg1 Qe1+ 46. Qf1 Qc3 47. Qb1 Qxc7 48. Qxf5 Qc1+ (48... a3 $11 {keeps the balance.} 49. Qb1 Qf7) 49. Kh2 $16 Qe1 50. Qe4 $1 Qg3+ (50... Qxe4 $2 51. Bxe4 a3 52. Bb1 $18) 51. Kg1 {[%emt 0:00:03] Strongly threatening Nc5.} a3 52. Kf1 $1 {[%emt 0:00:26] Qa4 is the strong threat.} Qg5 (52... a2 $2 53. Qa4 $18) 53. Qa4 Qe7 {[%emt 0:00:57] [#]} 54. Na5 $1 {[%emt 0:00:52] Hoping for Nc4.} Qe3 55. Nc4 (55. Qc2 $16) 55... Qd3+ $11 56. Kf2 $1 Qd4+ 57. Ke2 {[%emt 0:00:26] aiming for Qc2.} Ne5 58. Qc2+ g6 (58... Nd3 $5 59. Kf1 (59. Qxd3+ $2 Qxd3+ 60. Kxd3 a2 $19) (59. Nxa3 $2 Qe3+ 60. Kf1 Qe1#) 59... Kh8 $11) 59. Nxa3 {[%emt 0:00:51] Threatens to win with Qb3.} Qe3+ 60. Kf1 {[%emt 0:00:15] And now Qc7+ would win.} Nxf3 $4 {[%emt 0:00:13][%mdl 12288] Endgame KQN-KQN. White now steadily converts the win.} (60... Nd3 $1 $11 {and Black has nothing to worry.} 61. Qc7+ Kh8 62. Qc8+ Kh7 63. Qd7+ Kh8 64. Qc8+ Kh7 65. Qd7+ Kh8 66. Qc8+) 61. Qc7+ $18 Kh8 62. Qb8+ Kg7 63. Qb7+ Kf6 64. Qxf3 Qc1+ 65. Kf2 {[%emt 0:00:09] Black must now prevent Qd3.} ({Don't do} 65. Ke2 Qb2+ 66. Kd1 Qd4+ 67. Kc1 Qg1+ 68. Kb2 Qd4+ 69. Kc1 Qg1+ 70. Kd2 Qd4+ 71. Qd3 Qf2+ 72. Qe2 Qd4+ 73. Kc2 (73. Qd3 Qf2+ 74. Qe2 Qd4+ 75. Kc1 g5 $18) 73... Qa4+ 74. Kb2 Qb4+ 75. Ka2 Qa4 $18) 65... Qc5+ 66. Ke2 g5 $2 (66... Qe5+ 67. Kd3 Qd6+ 68. Kc2 Qc5+ 69. Kb2 Qb6+ 70. Kc1 Qg1+ 71. Kd2 Qd4+ 72. Qd3 Qf2+ 73. Qe2 Qd4+ 74. Kc2 (74. Qd3 Qf2+ 75. Kc1 Qg1+ 76. Qd1 Qxg2 $14) 74... Qa4+ 75. Kb2 Qb4+ 76. Ka2 Qa4) 67. Qd3 Qe5+ 68. Kf1 Qa1+ 69. Kf2 h5 70. Nc4 Qa7+ 71. Kf3 (71. Kf1 $18) 71... Qb7+ $2 {[%emt 0:00:13][%mdl 8192] [#]} (71... g4+ $16 {might work better.} 72. Ke2 (72. Kxf4 Qf2+ 73. Ke4 Qxg2+ 74. Kd4 gxh3 $11) (72. hxg4 hxg4+ 73. Ke4 Qh7+ 74. Kd4 Qc7 $16) 72... Qa2+ 73. Nd2 Qe6+ 74. Kf1 Qe5) 72. Qe4 $1 ({Weaker is} 72. Kf2 Qa7+ 73. Kf1 Qa1+ 74. Kf2 Qa7+ $18) 72... Qb3+ 73. Kf2 Qg3+ 74. Kf1 {[%emt 0:00:06] White threatens Qd4+ and mate.} g4 (74... Qb3 $142 75. h4 Qd1+ 76. Kf2 Qg4 77. Qe5+ Kg6 78. Qe8+ Kf6 79. Qh8+ Kf5 80. Qh7+ Ke6 81. Qg6+ Kd5 82. Qxg5+ Ke6 83. Qe5+ Kd7 84. Qd6+ Ke8 85. Qb8+ Ke7 86. Qd6+ Ke8 87. Qb8+ Ke7 88. Qd6+ Ke8) 75. Qe5+ Kg6 76. Qe6+ Kg7 77. Qe7+ (77. Ne5 $142 gxh3 78. gxh3) 77... Kg6 78. Qe6+ (78. Qe8+ $142 Kg7 79. Qe5+ Kg6 80. Qe4+ Kg7 81. Nd6) 78... Kg7 79. Ne5 gxh3 80. Qxh3 Qg5 81. Qd7+ Kf6 82. Qd6+ (82. Qd8+ $142 Kf5 83. Qd5 Qg7 84. Nf3+ Kg6 85. Qg5+ Kf7 86. Ne5+ Kg8 87. Qxh5) 82... Kf5 83. Nf3 (83. Qd5 $142 {Intending Nf3+ and mate.} Qg7 84. Nd3+ Kf6 85. Qe5+ Kf7 86. Qxh5+ Kg8 87. Qe8+ Qf8 88. Qe4) 83... Qg7 (83... Qf6 $142 84. Qd3+ Ke6) 84. Qd5+ Kg4 85. Qe6+ {[%emt 0:00:09] Weighted Error Value: White=0.33/Black=0.41} 1-0

[Event "ESP-ch Teams Primera 2022"]
[Site "Sanxenxo Pontevedra"]
[Date "2022.09.20"]
[Round "4.19"]
[White "Alsina Leal, Daniel"]
[Black "Cordova, Emilio"]
[Result "0-1"]
[ECO "B28"]
[WhiteElo "2525"]
[BlackElo "2550"]
[Annotator "TA"]
[PlyCount "102"]
[EventDate "2022.09.17"]
[EventType "team-tourn"]
[EventCountry "ESP"]
[SourceTitle "playchess.com"]
[Source "ChessBase"]
[SourceQuality "1"]
[TimeControl "5400+30"]

1. e4 c5 2. Nf3 a6 3. c4 e6 4. Nc3 b6 5. d4 cxd4 6. Nxd4 Bb7 {BESTDEEP} 7. Be2 {A34: Symmetrical English: 2 Nc3, lines with ...d5.} Qc7 {CPLX 2.1 10 (Bf8-b4) (=5)} 8. Be3 {BESTDEEP} Nf6 {BESTDEEP} 9. f3 {CPLX 2.4. White is slightly better.} Nc6 {CPLX 2.2} 10. Qd2 {BESTDEEP is the legacy move (10.0-0).} Rc8 {[#] CPLX 2.4 13 (Bf8-e7) (=5)} 11. Nxc6 $146 {CPLX 2.4 13 (Ra1-c1) (=3)} ({Predecessor:} 11. Rc1 Bc5 12. O-O Nxd4 13. Bxd4 O-O 14. Rfd1 Rfd8 15. a3 Bxd4+ 16. Qxd4 Qc5 17. e5 {1-0 (55) Sears,F (1836)-Ali,I (1812) Port of Spain 2015}) 11... Bxc6 {RECAPT 0 (d7xc6) (=4)} 12. Rc1 {CPLX 2.2 10 (Ra1-d1) (=4)} Qb8 {CPLX 2.2 33 (Bf8-e7) (=8)} 13. Bf4 {BESTDEEP} d6 {CPLX 2.8 1 (e6-e5) (=7)} 14. O-O {CPLX 2.3} Be7 {CPLX 2.3 0 (Rc8-d8) (=6)} 15. Rfd1 {[%cal Rf4d6] CPLX 2.3} Rd8 $1 {DEEPSTRONG} 16. b4 {BESTDEEP} O-O {CPLX 2.4} 17. b5 {CPLX 2.3 77 (a2-a4) (=9)} ({White should try} 17. a4 $16) 17... axb5 $1 $11 {CPLX 2.9} 18. Nxb5 {RECAPT} e5 {CPLX 2.8} 19. Bg5 {BESTDEEP} h6 {CPLX 2.7} 20. Bxf6 {BESTDEEP} Bxf6 {RECAPT} 21. Rc3 {BESTDEEP} ({Not} 21. Nxd6 $2 Bg5 22. Qb4 Bxc1 23. Rxc1 Qxd6 $19) 21... Be7 {CPLX 2.6 10 (Bf6-g5) (=4)} 22. Rb3 {CPLX 2.5 10 (Rd1-b1) (=7)} Rd7 {BESTDEEP} 23. Nc3 {CPLX 2.5 0 (Rd1-b1) (=6)} Qa7 {CPLX 2.4 4 (Be7-g5) (=4)} 24. Kh1 {CPLX 2.4 4 (Nc3-d5) (=6)} (24. Nd5 {looks sharper.} Bg5 25. Qb2 b5+ 26. Kh1) 24... Ra8 {BESTDEEP} 25. Rdb1 {BESTDEEP} Bd8 {CPLX 2.5 25 (Rd7-b7) (=5)} 26. Bf1 {CPLX 2.5 25 (Be2-d1) (=7)} Qa5 {BESTDEEP} 27. R1b2 {CPLX 2.6} Qc5 {BESTDEEP} 28. Nd5 {[%cal Rd5b6] CPLX 2.8 18 (g2-g3) (=7)} Bxd5 {CPLX 3.1 19 (Rd7-a7) (=5)} 29. Rb5 {CPLX 3.3 12 (c4xd5) (=7)} Be6 {CPLX 3.6 11 (Bd8-g5) (=5)} 30. Rxc5 {EASY} dxc5 {RECAPT} 31. Qe1 {CPLX 3.4} Rd4 {CPLX 3.1} 32. Rd2 {CPLX 3.2 49 (Rb2-c2) (=8)} (32. Rc2 $11) 32... b5 $15 {Threatens to win with ...Ba5. DEEPSTRONG} 33. Rxd4 $1 {DEEPSTRONG} (33. cxb5 $2 Ba5 34. Rxd4 Bxe1 $19) 33... exd4 {RECAPT} 34. cxb5 {CPLX 3.3} Rxa2 {CPLX 3.4 47 (c5-c4) (=6)} (34... c4 $15 35. Qd1 d3 36. Bxd3 cxd3 37. Qxd3 Bb6) 35. Qb1 $11 {CPLX 3.4} Ra3 {BESTDEEP} 36. h3 {CPLX 3.2 14 (f3-f4) (=8)} Bc7 {Hoping for ...Rb3. CPLX 3.3 0 (Ra3-b3) (=6)} 37. b6 {EASY} Bg3 {White must now prevent ...Rb3. CPLX 3.9} 38. Qc1 {CPLX 3.7} Rc3 {CPLX 4.0} 39. Qd2 {BESTDEEP} g5 {Inhibits f4. BESTDEEP} 40. h4 {MISSDEEP-Qd2-d1 45 (Qd2-d1) (=8)} Bf4 {[%mdl 1024] Black has compensation. CPLX 4.2} 41. Qf2 {BESTDEEP} d3 $1 {DEEPSTRONG} 42. g3 $1 {CPLX 4.4} d2 {CPLX 4.3} 43. Be2 {CPLX 4.9} Be3 $36 {[%mdl 2048] Black fights for an advantage. BESTDEEP} 44. b7 $1 {DEEPSTRONG} ({Avoid the trap} 44. Qf1 $2 Rc1 45. Bd1 c4 46. hxg5 c3 $19) 44... Bxf2 {EASY} 45. b8=Q+ {EASY} Kh7 {Strongly threatening ...Re3. The board is on fire. EASY} 46. hxg5 {[%cal Og5g6] g6+! is the strong threat. CPLX 4.9} hxg5 {CPLX 5.2 57 (Bf2-d4) (=6)} ({Better is} 46... Bd4 $1 $15 47. g6+ Kxg6 48. Qg8+ Kf6 49. e5+ Kxe5 50. Qb8+ Kd5) 47. Qe5 $2 {[%mdl 8192] [#] RELBLUND 400 (Qb8-d8) (=17)} (47. Qd8 $1 $11) 47... Rc1+ $1 $19 {DEEPSTRONG=>BLUNDERREACT} 48. Kg2 {[#] CPLX 5.1} Be3 {( -> ...Re1). BESTDEEP} 49. Qd6 {RELBLUND 400 (f3-f4) (=25)} (49. f4 $19 Re1 50. Bf3 Rg1+ 51. Kh2 Rxg3 52. Qxe6 fxe6 53. Kxg3 gxf4+ 54. Kg4) 49... Re1 {CPLX 5.4 5 (Rc1-g1) (=5)} 50. Qd3 {[#] EASY} c4 $1 {EASY} 51. Qxe3 {BESTDEEP} d1=Q {[%mdl 64] Pin.  Weighted Error Value: White=0.30/Black=0.06 (flawless)} 0-1

[Event "ESP-ch Teams Primera 2022"]
[Site "Sanxenxo Pontevedra"]
[Date "2022.09.20"]
[Round "4.20"]
[White "Krysa, Leandro"]
[Black "Lorenzo De La Riva, Lazaro"]
[Result "1/2-1/2"]
[ECO "A06"]
[WhiteElo "2535"]
[BlackElo "2430"]
[Annotator "TA"]
[PlyCount "112"]
[EventDate "2022.09.17"]
[EventType "team-tourn"]
[EventCountry "ESP"]
[SourceTitle "playchess.com"]
[Source "ChessBase"]
[SourceQuality "1"]
[TimeControl "5400+30"]

1. Nf3 {Roiz,M} d5 2. g3 Bg4 3. Bg2 Nf6 4. O-O e6 5. h3 Bh5 {MISS-Bg4xf3 1 (Bg4xf3) (=1)} 6. d4 {[%cal Oc2c4] CPLX 2.0. A07: Réti Opening: New York and Capablanca Systems.} Nbd7 {CPLX 2.0 0 (Bf8-e7) (=1)} 7. c4 {BESTDEEP} c6 {BESTDEEP} 8. cxd5 {CPLX 2.2} exd5 {RECAPT 0 (c6xd5) (=0)} 9. Qb3 {CPLX 2.0 7 (Nf3-h4) (=2) 9.Ne5 deserves study.} Qb6 {CPLX 2.4} 10. Qe3+ {CPLX 2.5} Be7 $1 {DEEPSTRONG} 11. Nh4 {BESTDEEP} Bg6 {Prevents Nf5. CPLX 2.5} 12. Nc3 {[%cal Ob2b4] CPLX 2.7 6 (Nh4xg6) (=2)} Qd8 {BESTDEEP} 13. b4 {[#] MISS-Nh4xg6 13 (Nh4xg6) (=3)} Nb6 $146 {CPLX 2.4 40 (b7-b5) (=5)} ({Predecessor:} 13... b5 14. a4 a5 15. Nxg6 hxg6 16. bxa5 b4 17. Na2 O-O 18. Bd2 Re8 19. Qb3 c5 20. dxc5 Nxc5 21. Qxb4 {1-0 (74) Vachier Lagrave,M (2803)-Bluebaum,M (2634) Karlsruhe/Baden-Baden 2017 CBM 178 [Roiz,M]}) 14. Nxg6 {EASY} hxg6 {RECAPT} 15. b5 {CPLX 2.5} Nc4 {CPLX 2.6 25 (Qd8-d7) (=6)} 16. Qd3 {CPLX 3.0} Qd7 {CPLX 2.5 25 (Be7-b4) (=8)} 17. e4 {[%cal Be2e4,Be4e5][%mdl 32] CPLX 2.7 6 (b5xc6) (=3)} Nb6 {CPLX 3.0 42 (0-0) (=10)} 18. e5 {CPLX 2.8} Ng8 {CPLX 2.9 45 (Nf6-h7) (=13)} 19. Rb1 {CPLX 2.7} Qf5 {CPLX 2.8 56 (Be7-d8) (=16)} (19... Bd8 $16 20. bxc6 bxc6) 20. Qxf5 $18 {EASY} gxf5 {RECAPT} 21. a4 {BESTDEEP} Nc4 {EASY} 22. bxc6 {CPLX 2.4 64 (Nc3-d1) (=6)} (22. Nd1 $18) 22... bxc6 $16 {RECAPT} 23. h4 {BESTDEEP} Bd8 {[#] CPLX 2.4 53 (Nc4-a5) (=15)} (23... Na5 $16 24. Rd1 Bd8) 24. Nxd5 $1 $18 {[%mdl 512] BESTDEEP} cxd5 {RECAPT} 25. Bxd5 {RECAPT} Rc8 {[%cal Ba8c8,Bc8c7,Bc7e7][%mdl 32] Inhibits Bc6+. EASY} 26. Bb7 {This bishop pair is nice. RELBLUND 148 (e5-e6) (=12)} ({White has to play} 26. e6 $1 $18 Nd6 27. exf7+ Nxf7 28. Re1+ Ne7 29. Ba3) 26... Rc7 $14 {EASY} 27. d5 {And now Bf4 would win. BESTDEEP} Nxe5 {EASY} 28. Re1 $36 {[%mdl 2048] White is more active. CPLX 2.9} Re7 {aiming for ...Nf3+. CPLX 3.3} 29. Kg2 {Prevents Nf3. CPLX 3.0 45 (Bc1-a3) (=12)} Ba5 $2 {[%mdl 8192] [#] MISSDEEP-Bd8-c7 376 (Bd8-c7) (=27)} (29... Bc7 $1 $11) 30. Rxe5 $1 $18 {[%mdl 512] DEEPSTRONG=>BLUNDERREACT} Rxe5 {RECAPT} 31. Bc6+ {DEEPSTRONG} Kd8 {...Bc7 is the strong threat. CPLX 2.5 90 (Ke8-e7) (=28)} 32. Rb8+ {DEEPSTRONG} Kc7 {BESTDEEP} 33. Rb7+ {CPLX 4.0} Kc8 {White must now prevent ...Re7. CPLX 2.8} 34. Bf4 {CPLX 3.1 152 (d5-d6) (=15)} f6 {BESTDEEP=>BLUNDERREACT} 35. d6 {[%cal Bd5d6,Bd6d7][%mdl 1056] Inhibits Ne7. White has strong compensation. BESTDEEP} Rc5 {[#] EASY} 36. d7+ $1 {CPLX 3.7} Kd8 {LEGAL} 37. Rb8+ {EASY} Ke7 {[#] LEGAL} 38. Re8+ $1 {DEEPSTRONG} Kf7 {LEGAL} 39. Bd2 $2 {RELBLUND 246 (Bc6-b7) (=20)} Ne7 $1 $11 {DEEPSTRONG=>BLUNDERREACT. The position is equal.} 40. Rxh8 {CPLX 4.6 11 (Bc6-b5) (=20)} Nxc6 {EASY} 41. Bxa5 {CPLX 3.5} Rxa5 {[%mdl 4096] Endgame KRN-KR. RECAPT} 42. Rc8 {CPLX 3.1} Ke7 {CPLX 3.3 0 (Kf7-e6) (=20)} 43. Rxc6 {[%cal Oc6d6] Threatens to win with Rd6! EASY} Kxd7 {KR-KR. BESTDEEP} 44. Rc4 {EASY} Re5 {CPLX 2.0 22 (g7-g6) (=19)} 45. Kf3 {CPLX 2.0 22 (Rc4-b4) (=18)} (45. Rb4 $5 Kc7 46. h5 $11) 45... Kd6 {CPLX 2.0 0 (g7-g6) (=19)} 46. h5 {CPLX 2.0 0 (Rc4-c8) (=18)} Ra5 {CPLX 2.0 12 (a7-a6) (=19)} 47. Kf4 {CPLX 2.0 12 (Kf3-e2) (=17)} Ke6 {CPLX 2.0 12 (Kd6-d7) (=19)} 48. Rc7 {Strongly threatening Kf3. CPLX 2.0 12 (Kf4-e3) (=17)} Rxa4+ {EASY} 49. Kf3 {CPLX 2.0} Rg4 {BESTDEEP} (49... Ra3+ 50. Kg2 Ra5 51. Rxg7 $16) 50. Rxa7 {CPLX 2.0 0 (Rc7-c6) (=17)} Rg5 {BESTDEEP} 51. Kf4 {CPLX 2.0 0 (h5-h6) (=16)} Rg4+ {CPLX 2.0 0 (Rg5xh5) (=17)} 52. Ke3 {BESTDEEP} Re4+ {CPLX 2.0 0 (Rg4-g5) (=17)} 53. Kf3 {CPLX 2.0} Rg4 {EASY} 54. Kg2 {Hoping for f4. CPLX 2.0 0 (Ra7-a1) (=15)} f4 {CPLX 2.0 6 (Rg4-g5) (=16)} 55. Kh3 {MISS-Kg2-f3 6 (Kg2-f3) (=15)} f5 {BESTDEEP} 56. Ra6+ {CPLX 2.0 0 (g3xf4) (=15)} Ke5 {Black defended with fortune.  Weighted Error Value: White=0.19 (very precise) /Black=0.20 (precise)} 1/2-1/2